AoeStats
← Alexeug

Arabia

508284234Analyzed
1v1 RM · 12d ago on Sep 21, 2026· 24m 59s· 2 players
Game mode
Random Map
Map size
Tiny (2 player)
Population
200
Speed
Normal
Resources
Standard
Victory
Conquest
Starting age
Dark Age
Ending age
Imperial Age
RankedLock teamsTeams togetherTeam positionsShared explorationLock speedFull tech treeHidden civsTurbo modeCheats
Victory
Defeat
🇫🇷 Cumans · France
686
+16
🇧🇷 Burgundians · Brazil
685
-35
sYstemctl
11:15 Wheelbarrow
13:23 Feudal Age
14:07 Horse Collar
14:14 Double-Bit Axe
14:22 Stone Mining
16:43 Man-at-Arms
17:42 Hand Cart
20:40 Bow Saw
Alexeug
12:03 Feudal Age
10:21 Loom
12:07 Feudal Age
17:14 Castle Age
16:21 Double-Bit Axe
16:20 Horse Collar
16:38 Gold Mining
17:28 Scale Barding Armor
Connection lost

Rejoining the realm…

Still unreachable

The connection could not be restored.

Session expired

The server has moved on; the page needs a fresh start.